 Dungeon Crawl Stone Soup version 0.28-a0-941-g140ffa10cf (webtiles) character file.

Game seed: 9488862196482487980

491884 AvatarAndi78 the Executioner (level 23, -7/232 HPs)
             Began as a Minotaur Berserker on Nov 28, 2021.
             Was an Elder of Trog.
             Mangled by an azure jelly (23 damage)
             ... on level 5 of the Pits of Slime on Nov 29, 2021.
             The game lasted 03:50:40 (62450 turns).

AvatarAndi78 the Executioner (Minotaur Berserker)  Turns: 62450, Time: 03:50:41

Health: -7/232     AC: 19    Str: 32    XL:     23   Next: 60%
Magic:  2/22       EV: 12    Int:  7    God:    Trog [****..]
Gold:   3804       SH: 33    Dex: 27    Spells: 22/22 levels left

rFire   . . .      SeeInvis .   l - +7 broad axe "Noarro" {flame, *Corrode rElec rN+++ Dex+6}
rCold   . . .      Faith    .   f - +2 tower shield
rNeg    + + +      Spirit   .   E - +2 crystal plate armour
rPois   .          Reflect  +   V - +2 hat {Int+3}
rElec   +          Harm     .   W - +0 cloak {rCorr}
rCorr   +          Rampage  +   F - +0 pair of fencer's gloves {Riposte Dex+3}
Will    +++..      Rage     1%  T - +2 pair of boots {rampage}
Stlth   ..........              q - amulet "Hainad" {Reflect Dex+6 SH+5 Stlth-}
HPRegen 1.00/turn               X - ring of Aschoodd {rCorr Stlth+}
MPRegen 0.18/turn               B - ring of resist corrosion

@: strong-willed, corroded, on berserk cooldown, regenerating, hasted and
slowed, studying Maces & Flails
A: horns 2, retaliatory headbutt, talons 1, berserk 1, deformed body, screaming
1, inhibited regeneration, strong 1, subdued magic 1
}: 3/15 runes: decaying, silver, gossamer
a: Renounce Religion, Berserk, Trog's Hand, Brothers in Arms


You were on level 5 of the Pits of Slime.
You worshipped Trog.
Trog was greatly pleased with you.
You visited 9 branches of the dungeon, and saw 45 of its levels.
You also visited: Ossuary and Desolation.

You collected 5598 gold pieces.
You spent 1794 gold pieces at shops.

Inventory:

Hand Weapons
 d - the +8 mithril axe "Arga" {speed, Will+}
   (You found it in the Desolation of Salt)

   Attacks with this weapon are significantly faster.
   Will:      It increases your willpower.
 h - a +8 double sword of flaming
 l - the +7 broad axe "Noarro" (weapon) {flame, *Corrode rElec rN+++ Dex+6}
   (Trog gifted it to you on level 3 of the Elven Halls)

   It burns those it strikes, dealing additional fire damage.
   Big, fiery blades are also staple armaments of hydra-hunters.
   Dex:       It affects your dexterity (+6).
   rElec:     It insulates you from electricity.
   rN:        It renders you almost immune to negative energy.
   *Corrode:  It may corrode you when you take damage.
 P - the +6 broad axe of Invincibility {vorpal, rElec rF+ Str-4 Stlth+}
   (Trog gifted it to you on level 4 of the Swamp)

   It inflicts extra damage upon your enemies.
   Str:       It affects your strength (-4).
   rF:        It protects you from fire.
   rElec:     It insulates you from electricity.
   Stlth:     It makes you more stealthy.
 U - the +9 scimitar of Malaise {freeze, rCorr Str+5 Int+6 Dex-2}
   (You found it on level 3 of the Swamp)

   It freezes those it strikes, dealing additional cold damage.
   It can also slow down cold-blooded creatures.
   Str:       It affects your strength (+5).
   Int:       It affects your intelligence (+6).
   Dex:       It affects your dexterity (-2).
   rCorr:     It protects you from acid and corrosion.
Missiles
 c - 17 boomerangs (quivered)
 o - 9 silver javelins
 D - 2 boomerangs of dispersal
Armour
 f - a +2 tower shield (worn)
 w - the +1 pair of boots of Soqetet {rC+}
   (You found it on level 2 of the Spider Nest)

   rC:        It protects you from cold.
 E - a +2 crystal plate armour (worn)
 F - the +0 pair of fencer's gloves (worn) {Riposte Dex+3}
   (You acquired it on level 2 of the Lair of Beasts)

   It allows the wearer to riposte with melee weapons, swiftly retaliating
   against missed attacks.
   Dex:       It affects your dexterity (+3).
 L - the +2 cloak of Sivvobli {rF+ Will++ Str+2 Dex-4}
   (You found it on level 3 of the Lair of Beasts)

   Str:       It affects your strength (+2).
   Dex:       It affects your dexterity (-4).
   rF:        It protects you from fire.
   Will:      It greatly increases your willpower.
 T - a +2 pair of boots of rampaging (worn)
 V - a +2 hat of intelligence (worn)
 W - a +0 cloak of preservation (worn)
 Y - a +3 plate armour of poison resistance
 Z - a scarf of resistance
Jewellery
 g - the ring "Xoqedeise" {Fly rN+ Will++ Int+6}
   (You acquired it on level 4 of the Lair of Beasts)

   [ring of positive energy]

   Int:       It affects your intelligence (+6).
   rN:        It protects you from negative energy.
   Fly:       It grants you flight.
   Will:      It greatly increases your willpower.
 q - the amulet "Hainad" (around neck) {Reflect Dex+6 SH+5 Stlth-}
   (You bought it in a shop on level 4 of the Dungeon)

   [amulet of reflection]

   It reflects blocked missile attacks.
   Dex:       It affects your dexterity (+6).
   SH:        It affects your SH (+5).
   Stlth:     It makes you less stealthy.
 r - the ring "Xiasm" {*Corrode rElec rC+ rN+++ Int-2}
   (You took it off a vault warden on level 5 of the Vaults)

   [ring of protection from cold]

   Int:       It affects your intelligence (-2).
   rC:        It protects you from cold.
   rElec:     It insulates you from electricity.
   rN:        It renders you almost immune to negative energy.
   *Corrode:  It may corrode you when you take damage.
 x - the ring of the Slug {rF+ rN+ Stlth+}
   (You found it on level 3 of the Elven Halls)

   [ring of positive energy]

   rF:        It protects you from fire.
   rN:        It protects you from negative energy.
   Stlth:     It makes you more stealthy.
 B - a ring of resist corrosion (right hand)
 G - the ring of Meupn {rC+ EV+4}
   (You found it on level 3 of the Vaults)

   [ring of evasion]

   EV:        It affects your evasion (+4).
   rC:        It protects you from cold.
 K - the ring of Kogreowk {AC+4 Str+3}
   (You found it in the Desolation of Salt)

   [ring of protection]

   AC:        It affects your AC (+4).
   Str:       It affects your strength (+3).
 N - a ring of poison resistance
 O - the ring of Caymiro {rF+ Dex+5}
   (You found it on level 4 of the Lair of Beasts)

   [ring of protection from fire]

   Dex:       It affects your dexterity (+5).
   rF:        It protects you from fire.
 R - the ring "Plog" {*Corrode rPois rC+ Str+6 SInv}
   (You took it off a tengu reaver on level 5 of the Vaults)

   [ring of protection from cold]

   Str:       It affects your strength (+6).
   rC:        It protects you from cold.
   rPois:     It protects you from poison.
   SInv:      It lets you see invisible.
   *Corrode:  It may corrode you when you take damage.
 S - the ring of Okawaru's Scorn {rElec rF++ Will+ Int-2}
   (You found it on level 5 of the Vaults)

   [ring of willpower]

   Int:       It affects your intelligence (-2).
   rF:        It greatly protects you from fire.
   rElec:     It insulates you from electricity.
   Will:      It increases your willpower.
 X - the ring of Aschoodd (left hand) {rCorr Stlth+}
   (You took it off a spriggan on level 5 of the Lair of Beasts)

   [ring of resist corrosion]

   rCorr:     It protects you from acid and corrosion.
   Stlth:     It makes you more stealthy.
Wands
 b - a wand of digging (20)
 j - a wand of iceblast (37)
 k - a wand of paralysis (38)
 y - a wand of charming (13)
 I - a wand of mindburst (45)
 M - a wand of acid (8)
Scrolls
 e - 21 scrolls of teleportation
 i - 4 scrolls of fog
 n - 3 scrolls of blinking
 t - 4 scrolls of holy word
 A - a scroll of brand weapon
 C - 7 scrolls of fear
 J - 5 scrolls of magic mapping
Potions
 a - 9 potions of ambrosia
 m - 3 potions of heal wounds
 p - 22 potions of curing
 u - a potion of invisibility
Miscellaneous
 H - a lightning rod (2/4)


   Skills:
 + Level 24.7 Fighting
 * Level 15.2 Long Blades
 + Level 26.0 Axes
 * Level 11.6 Throwing
 + Level 20.5 Armour
 + Level 6.6 Dodging
 + Level 5.6 Stealth
 + Level 22.5 Shields
 + Level 3.0 Evocations


You had 22 spell levels left.
You didn't know any spells.
Your spell library was empty.

Dungeon Overview and Level Annotations

Branches:
Dungeon (15/15)            Temple (1/1) D:5            Lair (6/6) D:8
  Swamp (4/4) Lair:4       Spider (4/4) Lair:4        Slime (5/5) Lair:5
    Orc (2/2) D:12            Elf (3/3) Orc:2        Vaults (5/5) D:13
  Crypt (0/3) Vaults:2     Depths (0/4) D:15        Ossuary (visited)
Desolation (visited)

Altars:
Ashenzari
Cheibriados
Dithmenos
Elyvilon
Fedhas
Gozag
Hepliaklqana
Kikubaaqudgha
Makhleb
Nemelex Xobeh
Okawaru
Qazlal
Ru
Sif Muna
Trog
Uskayaw
Vehumet
Wu Jian
Xom
Yredelemnul
Zin
The Shining One
Jiyva

Shops:
D:4 =   Orc:2 :[?:   Elf:1 [   Vaults:2 [   Vaults:4 [


Innate Abilities, Weirdness & Mutations

You have a pair of horns on your head.
You reflexively headbutt those who attack you in melee.
You have sharp toenails.
You tend to lose your temper in combat.
Armour fits poorly on your strangely shaped body.
You occasionally shout uncontrollably at your foes.
You do not regenerate when monsters are visible.
Your muscles are strong. (Str +2)
Your spells are a little easier to cast, but a little less powerful.


Message History

You block the titanic slime creature's attack.
You hit the titanic slime creature. You burn the titanic slime creature.
Your headbutt misses the titanic slime creature.
The titanic slime creature is severely wounded.
You slice the titanic slime creature!! You burn the titanic slime creature!
You headbutt the titanic slime creature, but do no damage.
The titanic slime creature is almost dead.
A titanic slime creature splits.
You slash the very large slime creature!
You burn the very large slime creature.
You headbutt the very large slime creature!
You kill the very large slime creature!
Trog accepts your kill.
You hit the large slime creature but do no damage.
You feel the effects of Trog's Hand fading.
You hit the large slime creature but do no damage.
The large slime creature is almost dead.
A large slime creature splits.
You slice the slime creature like a ripe choko!!!
You burn the slime creature.
You kill the slime creature!
Trog accepts your kill.
You slash the slime creature! You burn the slime creature.
You kill the slime creature!
Trog accepts your kill.
You slice the azure jelly!! You burn the azure jelly!
You headbutt the azure jelly, but do no damage.
The azure jelly is heavily wounded.
You block the azure jelly's attack. x2; The azure jelly barely misses you.
The azure jelly closely misses you.
Your skin crawls.
You feel strong-willed. The azure jelly hits you.
* * * LOW HITPOINT WARNING * * *
The azure jelly freezes you!!
* * * LOW HITPOINT WARNING * * *
The azure jelly hits you.
* * * LOW HITPOINT WARNING * * *
The azure jelly freezes you!!
You die...

#..## ###....##.## ####
####...........##... # #
#...................
#.#.#...................
#.......................
#.......................
.......@................
###........J................
###...........................
##...............G.............
#..............................
#.............................
#.............................
#.............................
####.............................


You could see an azure jelly and a shining eye.

Vanquished Creatures
  the Royal Jelly (Slime:5)
  2 dread liches
  Nikola (Vaults:1)
  3 golden dragons
  A bone dragon (Vaults:2)
  Arachne (Spider:3)
  2 tentacled monstrosities (Vaults:5)
  Jorgrun (Orc:2)
  Rupert (Lair:4)
  A quicksilver dragon (Vaults:5)
  3 deep elf blademasters
  23 acid blobs
  Asterion (Vaults:1)
  2 deep elf master archers (Elf:3)
  5 titans (Vaults:5)
  4 sphinxes
  A thorn hunter (Swamp:4)
  4 shadow dragons (Vaults:5)
  Agnes (Elf:2)
  5 tengu reavers
  Donald (Swamp:3)
  9 azure jellies
  3 storm dragons
  Roxanne (Elf:1)
  10 rockslimes
  2 fenstrider witches (Swamp:4)
  The ghost of xoxolimbo the Devastator, an adept DsFE of Vehumet (Swamp:3)
  2 iron dragons (Vaults:5)
  A frost giant (Vaults:5)
  3 orc warlords
  3 imperial myrmidons (Desolation)
  2 fire giants (Vaults:5)
  7 emperor scorpions
  7 deep elf sorcerers
  4 ghost moths
  5 deep elf elementalists
  25 vault wardens
  Aizul (Vaults:1)
  4 war gargoyles
  15 ironbound preservers
  14 quicksilver oozes
  3 stone giants (Vaults:5)
  5 very ugly things
  8 deep elf annihilators
  5 entropy weavers
  9 deep elf demonologists
  The ghost of Waosu the Protected, a journeyman DsVM of Ashenzari (Lair:4)
  11 dire elephants
  A spark wasp (Spider:3)
  The ghost of Mioxy the Cleaver, a journeyman MiBe of Trog (Lair:5)
  A bunyip (shapeshifter) (Vaults:5)
  11 bunyips
  5 ettins
  An eleionoma (Swamp:3)
  7 ragged hierophants (Desolation)
  3 crystal guardians
  8 deep elf death magi
  5 deep elf high priests
  3 shambling mangroves
  A fire dragon (Lair:6)
  21 yaktaur captains
  4 great orbs of eyes
  8 servants of whispers (Desolation)
  46 vault guards
  Harold (D:11)
  25 hydras
  Erolcha (D:9)
  The ghost of Veteran the Eclecticist, a journeyman DECj of Vehumet (Orc:1)
  2 ogre magi (D:15)
  2 ghost crabs (Swamp:1)
  12 peacekeepers
  10 ironbound thunderhulks
  3 boulder beetles
  A catoblepas (Lair:5)
  6 centaur warriors
  6 ironbound frosthearts
  A death knight (D:14)
  37 dancing weapons
  5 alligators
  12 two-headed ogres
  5 death yaks (Lair:4)
  4 orc high priests (Orc:2)
  A tengu warrior (D:15)
  13 deep elf knights
  5 skeletal warriors (D:11)
  A hell knight (D:15)
  A fire crab (Lair:6)
  A death drake (shapeshifter) (Vaults:5)
  3 goliath frogs
  40 deep trolls
  5 spriggan druids
  12 deep elf archers
  A glowing orange brain (shapeshifter) (Vaults:5)
  An obsidian statue (Vaults:3)
  24 ironbound convokers
  9 orc knights
  A tengu zombie (Vaults:2)
  8 bog bodies
  15 swamp dragons
  A flayed ghost (Vaults:5)
  3 harpies (Vaults:2)
  8 lindwurms
  7 phantasmal warriors
  13 wizards
  19 orb spiders
  31 deep elf zephyrmancers
  5 necromancers
  4 orc sorcerers
  23 wolf spiders
  31 deep elf pyromancers
  An orb spider (shapeshifter) (D:13)
  A stone giant zombie (Vaults:2)
  3 cyclopes
  5 will-o-the-wisps
  4 shining eyes
  A moth of wrath (Lair:5)
  A frost giant skeleton (Vaults:2)
  41 ugly things
  2 human skeletons (Vaults:4)
  9 elephants
  A guardian serpent (Desolation)
  24 vault sentinels
  Joseph (D:7)
  3 eyes of devastation
  5 cane toads
  8 black mambas
  An eye of devastation (shapeshifter) (Vaults:5)
  A torpor snail (Spider:2)
  A gargoyle (D:10)
  3 molten gargoyles
  2 rime drakes
  2 unseen horrors (D:14)
  Maggie (D:6)
  44 yaktaurs
  3 freezing wraiths
  25 komodo dragons
  12 demonic crawlers
  A yaktaur skeleton (Vaults:4)
  A tengu conjurer (D:15)
  2 efreet
  A polar bear (Lair:5)
  5 tyrant leeches
  5 trolls
  20 blink frogs
  36 jumping spiders
  2 jumping spiders (shapeshifter)
  127 slime creatures
  A queen bee (D:9)
  A wolf spider simulacrum (D:14)
  Grinder (D:4)
  68 saltlings
  18 hornets
  A dream sheep (shapeshifter) (Vaults:5)
  A stone giant simulacrum (Vaults:4)
  2 air elementals
  2 shadows
  48 redbacks
  A spriggan (shapeshifter) (Elf:3)
  9 water elementals
  4 wyverns
  A vampire (D:14)
  13 spriggans
  4 fire elementals (Elf:1)
  31 yaks
  27 tarantellas
  A basilisk (shapeshifter) (D:13)
  A yak (shapeshifter) (D:15)
  3 wraiths
  7 basilisks
  15 vampire mosquitoes
  A redback simulacrum (D:13)
  4 steam dragons
  2 golden eyes (Slime:3)
  4 wargs
  10 swamp worms
  Duvessa (D:4)
  4 hell hounds (Lair:6)
  19 water moccasins
  An acid dragon (D:5)
  9 swamp drakes
  27 orc warriors
  5 black bears
  3 sky beasts
  An ice beast (D:6)
  8 ogres
  25 centaurs
  23 wolves
  3 phantoms
  A gnoll sergeant (D:11)
  2 kobold brigands
  12 bullfrogs
  2 wyvern zombies
  6 earth elementals
  A scorpion (D:4)
  A water moccasin zombie (D:5)
  A wyvern skeleton (D:6)
  Dowan (D:4)
  2 water moccasin skeletons
  32 killer bees
  5 electric eels
  A howler monkey (D:9)
  A crimson imp (D:11)
  A centaur zombie (Ossuary)
  5 lava snakes (Lair:6)
  A human simulacrum (Vaults:4)
  A bullfrog zombie (D:5)
  2 human zombies
  2 hounds
  2 jellies
  28 orc priests
  A centaur skeleton (D:4)
  Ijyb (D:4)
  11 hell rats
  12 iguanas
  A scorpion zombie (D:5)
  17 orc wizards
  A hound skeleton (D:5)
  4 mummies (Ossuary)
  A howler monkey zombie (D:7)
  3 gnolls (D:11)
  10 adders
  A shadow imp (D:7)
  3 white imps
  An ufetubus (D:7)
  An adder skeleton (D:4)
  4 worms
  2 dart slugs
  61 orcs
  9 endoplasms
  2 giant cockroaches
  3 goblins
  4 hobgoblins
  3 jackals (D:2)
  7 ball pythons
  4 bats (D:1)
  19 frilled lizards
  2 gnoll zombies (Ossuary)
  A goblin zombie (Ossuary)
  2 hobgoblin zombies (Ossuary)
  12 kobolds
  An orc zombie (Ossuary)
  7 rats
  9 butterflies (Vaults:3)
1916 creatures vanquished.

Vanquished Creatures (collateral kills)
  3 acid blobs
  A titan (Vaults:5)
  A shadow dragon (Vaults:5)
  A rockslime (Slime:1)
  An azure jelly (Slime:2)
  A frost giant (Vaults:5)
  A deep elf sorcerer (Vaults:5)
  A vault warden (Vaults:5)
  A quicksilver ooze (Slime:1)
  A great orb of eyes (Slime:1)
  A hydra (Swamp:3)
  A troll (Orc:1)
  17 slime creatures
  A warg (Orc:1)
  A floating eye (shapeshifter) (Vaults:5)
  3 orc warriors
  An orc priest (Orc:2)
  2 orc wizards (Orc:2)
  3 orcs (Orc:1)
42 creatures vanquished.

Vanquished Creatures (others)
  A stone giant (Vaults:5)
  An eleionoma (Swamp:4)
  A deep elf knight (Elf:3)
  A wizard (D:11)
  A tyrant leech (Swamp:1)
  A hornet (Swamp:1)
  3 bloated husks
  A swamp worm (Swamp:1)
  An orc warrior (Orc:2)
  20 foxfires
  28 fungi
  43 plants
102 creatures vanquished.

Grand Total: 2060 creatures vanquished

Notes
Turn   | Place    | Note
-------+----------+-------------------------------------------
     0 | D:1      | AvatarAndi78 the Minotaur Berserker began the quest for the
                  | Orb.
     0 | D:1      | Reached XP level 1. HP: 19/19 MP: 0/0
   330 | D:1      | Reached XP level 2. HP: 24/27 MP: 1/1
   370 | D:1      | Reached skill level 4 in Axes
  1353 | D:2      | Reached XP level 3. HP: 12/33 MP: 2/2
  1789 | D:4      | Found Plog's Jewellery Shoppe.
  1795 | D:4      | Noticed Ijyb
  1805 | D:4      | Killed Ijyb
  1806 | D:4      | Reached skill level 5 in Axes
  1806 | D:4      | Reached XP level 4. HP: 40/41 MP: 3/3
  2150 | D:4      | Noticed a scorpion
  2170 | D:4      | Gained mutation: You sometimes lose the ability to read
                  | scrolls when taking damage. [potion of mutation]
  2170 | D:4      | Gained mutation: You tend to lose your temper in combat.
                  | [potion of mutation]
  2170 | D:4      | Gained mutation: Your muscles are strong. (Str +2) [potion
                  | of mutation]
  2174 | D:4      | Killed a scorpion
  2175 | D:4      | Reached XP level 5. HP: 47/47 MP: 4/4
  2309 | D:4      | Reached skill level 1 in Stealth
  2310 | D:4      | Reached ** piety under Trog
  2901 | D:3      | Lost mutation: You tend to lose your temper in combat.
                  | [potion of mutation]
  2901 | D:3      | Lost mutation: You sometimes lose the ability to read
                  | scrolls when taking damage. [potion of mutation]
  2901 | D:3      | Gained mutation: You expend magic power (3 MP) to
                  | strengthen your wands. [potion of mutation]
  2901 | D:3      | Gained mutation: Armour fits poorly on your strangely
                  | shaped body. [potion of mutation]
  2901 | D:3      | Gained mutation: You have sharp toenails. [potion of
                  | mutation]
  2901 | D:3      | Gained mutation: You are somewhat resistant to further
                  | mutation. [potion of mutation]
  3575 | D:2      | Reached skill level 6 in Axes
  3632 | D:4      | Noticed Duvessa
  3632 | D:4      | Noticed Dowan
  3635 | D:4      | Killed Duvessa
  3636 | D:4      | Reached skill level 5 in Fighting
  3636 | D:4      | Reached XP level 6. HP: 49/56 MP: 5/5
  3636 | D:4      | Killed Dowan
  3985 | D:4      | Noticed Grinder
  3989 | D:4      | Paralysed by Grinder for 3 turns
  3996 | D:4      | Reached skill level 7 in Axes
  3996 | D:4      | Reached XP level 7. HP: 26/61 MP: 6/6
  3998 | D:4      | Killed Grinder
  4404 | D:4      | Found a sacrificial altar of Ru.
  4518 | D:4      | Reached skill level 5 in Armour
  4992 | D:5      | Entered Level 5 of the Dungeon
  5044 | D:5      | Reached skill level 8 in Axes
  5048 | D:5      | Reached XP level 8. HP: 70/70 MP: 7/7
  5116 | D:5      | Reached *** piety under Trog
  5181 | D:5      | Reached skill level 1 in Shields
  5282 | D:5      | Reached skill level 9 in Axes
  5462 | D:5      | Found a staircase to the Ecumenical Temple.
  5792 | D:6      | Noticed Maggie
  5801 | D:6      | Killed Maggie
  5802 | D:6      | Reached skill level 10 in Axes
  5956 | D:6      | Reached XP level 9. HP: 44/78 MP: 8/8
  7168 | D:7      | Reached skill level 11 in Axes
  7317 | D:7      | Noticed Joseph
  7332 | D:7      | Killed Joseph
  8009 | D:8      | Found a sand-covered staircase.
  8018 | Ossuary  | Entered an ossuary
  8146 | Ossuary  | Lost mutation: You expend magic power (3 MP) to strengthen
                  | your wands. [potion of mutation]
  8146 | Ossuary  | Lost mutation: Armour fits poorly on your strangely shaped
                  | body. [potion of mutation]
  8168 | Ossuary  | Reached XP level 10. HP: 88/88 MP: 9/9
  8362 | D:8      | Found a shimmering blue altar of Sif Muna.
  8362 | D:8      | Found a radiant altar of Vehumet.
  8362 | D:8      | Found a basalt altar of Yredelemnul.
  8474 | D:8      | Found a staircase to the Lair.
  8491 | D:8      | Reached skill level 12 in Axes
  9293 | D:9      | Reached **** piety under Trog
  9427 | D:9      | Reached skill level 10 in Armour
  9445 | D:9      | Reached skill level 5 in Dodging
  9460 | D:9      | Reached skill level 13 in Axes
  9773 | D:9      | Noticed Erolcha
  9783 | D:9      | Killed Erolcha
  9784 | D:9      | Reached XP level 11. HP: 99/99 MP: 10/10
  9866 | D:10     | Entered Level 10 of the Dungeon
 10154 | D:10     | Reached skill level 10 in Fighting
 10995 | D:11     | Noticed a skeletal warrior
 10996 | D:11     | Noticed a skeletal warrior
 11001 | D:11     | Noticed a skeletal warrior
 11001 | D:11     | Noticed a skeletal warrior
 11007 | D:11     | Killed a skeletal warrior
 11014 | D:11     | Killed a skeletal warrior
 11018 | D:11     | Killed a skeletal warrior
 11019 | D:11     | Reached skill level 5 in Shields
 11022 | D:11     | Killed a skeletal warrior
 11023 | D:11     | Reached skill level 14 in Axes
 11337 | D:11     | Noticed Harold
 11348 | D:11     | Killed Harold
 11625 | D:11     | Noticed a wizard
 11635 | D:11     | Killed a wizard
 12036 | D:11     | Noticed a skeletal warrior
 12054 | D:11     | Killed a skeletal warrior
 12490 | Lair:1   | Entered Level 1 of the Lair of Beasts
 12798 | Lair:1   | Noticed an eight-headed hydra
 12810 | Lair:1   | Killed a 12-headed hydra
 12811 | Lair:1   | Reached XP level 12. HP: 102/110 MP: 11/11
 13064 | Lair:1   | Reached skill level 15 in Axes
 13824 | Temple   | Entered the Ecumenical Temple
 14079 | Lair:2   | Noticed a seven-headed hydra
 14970 | Lair:2   | Found a basalt altar of Yredelemnul.
 14975 | Lair:2   | Reached skill level 16 in Axes
 15314 | Lair:2   | Acquired the +0 pair of fencer's gloves {Riposte Dex+3}
 15314 | Lair:2   | Found the +0 pair of fencer's gloves {Riposte Dex+3}
 15439 | Lair:3   | Identified the +1 falchion of the Extremely Mad {elec,
                  | *Noise rCorr Int+3}
 15636 | Lair:3   | Reached skill level 1 in Throwing
 16428 | Lair:3   | Identified the +2 cloak of Sivvobli {rF+ Will++ Str+2
                  | Dex-4}
 16587 | Lair:4   | Noticed a six-headed hydra
 16594 | Lair:4   | Killed a ten-headed hydra
 16700 | Lair:4   | Found a staircase to the Swamp.
 16700 | Lair:4   | Noticed a five-headed hydra
 16709 | Lair:4   | Killed a nine-headed hydra
 16710 | Lair:4   | Reached XP level 13. HP: 122/122 MP: 12/12
 17391 | Lair:4   | Noticed Rupert
 17403 | Lair:4   | Killed Rupert
 17645 | Lair:4   | Reached skill level 17 in Axes
 17662 | Lair:4   | Identified the ring of Caymiro {rF+ Dex+5}
 17893 | Lair:4   | Found a runed translucent gate.
 17893 | Lair:4   | Found a runed translucent gate.
 17893 | Lair:4   | Found a runed translucent gate.
 17893 | Lair:4   | Noticed Waosu's ghost (journeyman DsVM)
 17956 | Lair:4   | Reached ***** piety under Trog
 18220 | Lair:4   | Found a hole to the Spider Nest.
 18519 | Lair:4   | Killed Waosu's ghost
 19036 | Lair:5   | Found a transporter.
 19040 | Lair:5   | Noticed Mioxy's ghost (journeyman MiBe)
 19042 | Lair:5   | Found a bloodstained altar of Trog.
 19116 | Lair:5   | Found a viscous altar of Jiyva.
 19117 | Lair:5   | Found a staircase to the Slime Pits.
 19243 | Lair:5   | Found a transporter.
 19248 | Lair:5   | Identified the ring of Aschoodd {rCorr Stlth+}
 19375 | Lair:6   | Entered Level 6 of the Lair of Beasts
 19436 | Lair:6   | Reached XP level 14. HP: 126/133 MP: 13/13
 19546 | Lair:6   | Reached skill level 15 in Fighting
 20002 | Lair:6   | Acquired a +1 hat of intelligence
 20106 | Lair:6   | Reached skill level 10 in Shields
 20529 | Lair:6   | Received a gift from Trog
 20572 | Lair:6   | Found a large runed translucent door.
 20572 | Lair:6   | Found a large runed translucent door.
 20581 | Lair:6   | Reached skill level 15 in Armour
 21159 | Lair:5   | Killed Mioxy's ghost
 21455 | Lair:1   | Reached skill level 18 in Axes
 22033 | D:12     | Found a staircase to the Orcish Mines.
 22486 | D:13     | Found a gate to the Vaults.
 22708 | D:13     | Identified the +2 hand crossbow of Fear {venom, rElec}
 23632 | D:14     | Reached XP level 15. HP: 80/145 MP: 14/14
 23868 | D:14     | Received a gift from Trog
 24908 | Swamp:1  | Entered Level 1 of the Swamp
 25264 | Swamp:1  | Identified the amulet of Jiss {RegenMP Harm *Slow Regen+}
 25987 | Swamp:1  | Reached skill level 19 in Axes
 26212 | Swamp:1  | Acquired a +6 executioner's axe of electrocution
 26683 | D:4      | Bought the amulet "Hainad" {Reflect Dex+6 SH+5 Stlth-} for
                  | 626 gold pieces
 28412 | Swamp:3  | Reached skill level 1 in Evocations
 28427 | Swamp:3  | HP: 10/220 [spriggan druid/angry trees (13)]
 28427 | Swamp:3  | HP: 3/220 [spriggan druid (7)]
 28897 | Swamp:3  | Noticed Donald
 28907 | Swamp:3  | Killed Donald
 29091 | Swamp:3  | Found a runed translucent gate.
 29091 | Swamp:3  | Found a runed translucent gate.
 29092 | Swamp:3  | Found a runed translucent gate.
 29092 | Swamp:3  | Noticed xoxolimbo's ghost (adept DsFE)
 29391 | Swamp:4  | Entered Level 4 of the Swamp
 29486 | Swamp:4  | Reached skill level 20 in Axes
 29486 | Swamp:4  | Reached XP level 16. HP: 103/157 MP: 15/15
 30593 | Swamp:4  | Upgraded the game from 0.28-a0-938-gbc3f381ebc to
                  | 0.28-a0-941-g140ffa10cf
 30680 | Swamp:4  | Identified the +6 broad axe of Invincibility {vorpal, rElec
                  | rF+ Str-4 Stlth+} (Trog gifted it to you on level 4 of the
                  | Swamp)
 30680 | Swamp:4  | Received a gift from Trog
 30699 | Swamp:4  | Noticed a thorn hunter
 31261 | Swamp:4  | Killed a thorn hunter
 31452 | Swamp:4  | Got a decaying rune of Zot
 31926 | Orc:1    | Entered Level 1 of the Orcish Mines
 32290 | Orc:1    | Found a transporter.
 32290 | Orc:1    | Noticed Veteran's ghost (journeyman DECj)
 32290 | Orc:1    | Identified the +1 dire flail of Terra Cotta {vorpal,
                  | Will++}
 32291 | Orc:1    | Found a transporter.
 32375 | Orc:2    | Entered Level 2 of the Orcish Mines
 32458 | Orc:2    | Reached skill level 21 in Axes
 32500 | Orc:2    | Found Tafadono's Book Emporium.
 32500 | Orc:2    | Found Piepum's Book Shoppe.
 32500 | Orc:2    | Found Mogia's Magic Scroll Emporium.
 32504 | Orc:2    | Found Utuotese's Armour Shoppe.
 32636 | Orc:2    | Bought a scroll of enchant weapon for 97 gold pieces
 32636 | Orc:2    | Bought a scroll of silence for 97 gold pieces
 32640 | Orc:2    | Bought a +2 pair of boots of rampaging for 322 gold pieces
 32799 | Orc:2    | Noticed Jorgrun
 32818 | Orc:2    | Killed Jorgrun
 32989 | Orc:2    | Found a staircase to the Elven Halls.
 33047 | Orc:2    | Received a gift from Trog
 33381 | Orc:1    | Found a radiant altar of Vehumet.
 33832 | Spider:1 | Entered Level 1 of the Spider Nest
 33967 | Lair:4   | Acquired the ring "Xoqedeise" {Fly rN+ Will++ Int+6}
 34239 | Spider:1 | Identified the +0 chain mail of Dukhiresi {Dex+4 Stlth+}
 34850 | Spider:2 | Identified the +1 pair of boots of Soqetet {rC+}
 34881 | Spider:2 | Reached XP level 17. HP: 101/166 MP: 16/16
 36174 | Spider:3 | Noticed Arachne
 36184 | Spider:3 | Killed Arachne
 37646 | Orc:1    | Killed Veteran's ghost
 38038 | Swamp:3  | Killed xoxolimbo's ghost
 38057 | Swamp:3  | Identified the +9 scimitar of Malaise {freeze, rCorr Str+5
                  | Int+6 Dex-2}
 38931 | Spider:4 | Entered Level 4 of the Spider Nest
 38947 | Spider:4 | Reached skill level 1 in Long Blades
 39295 | Spider:4 | Reached skill level 15 in Shields
 40703 | Spider:4 | Got a gossamer rune of Zot
 41176 | Elf:1    | Entered Level 1 of the Elven Halls
 41190 | Elf:1    | Reached XP level 18. HP: 178/178 MP: 17/17
 41364 | Elf:1    | Reached skill level 5 in Stealth
 41373 | Elf:1    | Received a gift from Trog
 41686 | Elf:1    | Reached skill level 22 in Axes
 41911 | Elf:1    | Found Ocluulaa's Armour Boutique.
 41915 | Elf:1    | Bought a +0 cloak of preservation for 172 gold pieces
 41915 | Elf:1    | Bought a scarf of resistance for 480 gold pieces
 42061 | Elf:1    | Noticed Roxanne
 42074 | Elf:1    | Killed Roxanne
 42580 | Elf:2    | Found a runed translucent gate.
 42580 | Elf:2    | Found a runed translucent gate.
 42580 | Elf:2    | Found a runed translucent gate.
 42718 | Elf:2    | Reached skill level 5 in Long Blades
 43278 | Elf:2    | Noticed Agnes
 43286 | Elf:2    | Killed Agnes
 43795 | Elf:3    | Entered Level 3 of the Elven Halls
 44277 | Elf:3    | Reached XP level 19. HP: 168/188 MP: 18/18
 44280 | Elf:3    | Received a gift from Trog
 44534 | Elf:3    | Noticed a Brimstone Fiend
 44539 | Elf:3    | Noticed a Tzitzimitl
 44925 | Elf:3    | Noticed a Tzitzimitl
 44930 | Elf:3    | Noticed a Tzitzimitl
 45463 | Elf:3    | HP: 6/189 [Ice Fiend[a deep elf demonologist] (46)]
 45479 | Elf:3    | Noticed a Brimstone Fiend
 45851 | Elf:3    | Noticed a Tzitzimitl
 45861 | Elf:3    | HP: 9/184 [???[a deep elf demonologist] (5)]
 46397 | Elf:3    | Reached skill level 23 in Axes
 46428 | Elf:3    | Noticed a Tzitzimitl
 46833 | Elf:3    | Identified the +10 quarterstaff of Linearity {flame, rElec
                  | rC+}
 46959 | Elf:3    | Identified the +8 arbalest of Blind Justice {elec, Dex+3}
 46974 | Elf:3    | Identified the ring of the Slug {rF+ rN+ Stlth+}
 47009 | Elf:3    | Identified the +10 halberd of Sharkskin {drain, rF- Str+3
                  | SInv}
 47021 | Elf:3    | Identified the +0 pair of boots of Gehenna {rElec Int-3
                  | Dex+3}
 47026 | Elf:3    | Identified the +4 war axe of the Thoughtful Tales {spect,
                  | Drain +Blink Fly SInv}
 47027 | Elf:3    | Identified the +4 ring mail "Hucuy" {rPois rF+ Will- Str+2
                  | Slay+2}
 47031 | Elf:3    | Identified the +4 ring mail of the Dragon {rPois rC- Dex+2}
 47148 | Elf:3    | Identified the +7 broad axe "Noarro" {flame, *Corrode rElec
                  | rN+++ Dex+6} (Trog gifted it to you on level 3 of the Elven
                  | Halls)
 47148 | Elf:3    | Received a gift from Trog
 47424 | D:15     | Entered Level 15 of the Dungeon
 48118 | D:15     | Found a staircase to the Depths.
 48287 | D:15     | Found a broken altar of Ashenzari.
 48474 | Vaults:1 | Entered Level 1 of the Vaults
 48489 | Vaults:1 | Noticed Asterion
 48508 | Vaults:1 | Killed Asterion
 48534 | Vaults:1 | Noticed Nikola
 48550 | Vaults:1 | Killed Nikola
 48585 | Vaults:1 | Found a crumbling gateway.
 48683 | Desolati | Entered the Desolation of Salt
 48873 | Desolati | Reached skill level 5 in Throwing
 48926 | Desolati | Identified the +4 whip of Demand {pain, +Blink Will+}
 48988 | Desolati | Received a gift from Trog
 49410 | Desolati | Reached XP level 20. HP: 143/199 MP: 19/19
 49594 | Desolati | Identified the ring of Kogreowk {AC+4 Str+3}
 49748 | Desolati | Found the +8 mithril axe "Arga" {speed, Will+}
 50302 | Vaults:1 | Reached skill level 10 in Long Blades
 50366 | Vaults:1 | Received a gift from Trog
 50940 | Vaults:1 | Noticed Aizul
 50951 | Vaults:1 | Killed Aizul
 51702 | Vaults:2 | Reached ****** piety under Trog
 51703 | Vaults:2 | Reached skill level 24 in Axes
 51772 | Vaults:2 | Found Loirhoh's Antique Armour Shoppe.
 51812 | Vaults:2 | Noticed a bone dragon
 51827 | Vaults:2 | Killed a bone dragon
 51829 | Vaults:2 | Received a gift from Trog
 51843 | Vaults:2 | Found a staircase to the Crypt.
 52781 | Vaults:2 | Reached XP level 21. HP: 209/209 MP: 20/20
 52896 | Vaults:3 | Received a gift from Trog
 53025 | Vaults:3 | Found a huge runed gate.
 53025 | Vaults:3 | Found a huge runed gate.
 53025 | Vaults:3 | Found a huge runed gate.
 53025 | Vaults:3 | Found a huge runed gate.
 53026 | Vaults:3 | Found a huge runed gate.
 53026 | Vaults:3 | Found a huge runed gate.
 53026 | Vaults:3 | Found a huge runed gate.
 53026 | Vaults:3 | Found a huge runed gate.
 53029 | Vaults:3 | Found a huge runed gate.
 53029 | Vaults:3 | Found a huge runed gate.
 53029 | Vaults:3 | Found a huge runed gate.
 53029 | Vaults:3 | Found a huge runed gate.
 53029 | Vaults:3 | Found a huge runed gate.
 53029 | Vaults:3 | Found a huge runed gate.
 53029 | Vaults:3 | Found a huge runed gate.
 53031 | Vaults:3 | Found a huge runed gate.
 53032 | Vaults:3 | Found a huge runed gate.
 53095 | Vaults:3 | Found a huge runed gate.
 53095 | Vaults:3 | Found a huge runed gate.
 53095 | Vaults:3 | Found a huge runed gate.
 53095 | Vaults:3 | Found a huge runed gate.
 53095 | Vaults:3 | Found a huge runed gate.
 53135 | Vaults:3 | Found a huge runed gate.
 53136 | Vaults:3 | Found a huge runed gate.
 53137 | Vaults:3 | Found a huge runed gate.
 53138 | Vaults:3 | Found a huge runed gate.
 53478 | Vaults:3 | Found a transporter.
 53486 | Vaults:3 | Found the +3 pair of traumaturge's gloves {Infuse+∞,
                  | RegenMP, Int-3}
 53487 | Vaults:3 | Found a transporter.
 54305 | Vaults:3 | Found a huge runed gate.
 54305 | Vaults:3 | Found a huge runed gate.
 54305 | Vaults:3 | Found a huge runed gate.
 54305 | Vaults:3 | Found a huge runed gate.
 54305 | Vaults:3 | Found a huge runed gate.
 54305 | Vaults:3 | Found a huge runed gate.
 54306 | Vaults:3 | Found a huge runed gate.
 54307 | Vaults:3 | Found a huge runed gate.
 54308 | Vaults:3 | Found a huge runed gate.
 54316 | Vaults:3 | Found a huge runed gate.
 54804 | Vaults:3 | Identified the ring of Meupn {rC+ EV+4}
 55038 | Vaults:4 | Received a gift from Trog
 56152 | Vaults:4 | Identified the +10 battleaxe "Tathrubiw" {flame, Will+}
                  | (Trog gifted it to you on level 4 of the Vaults)
 56152 | Vaults:4 | Received a gift from Trog
 56186 | Vaults:4 | Found Weyvot Zair's Armour Emporium.
 56339 | Vaults:5 | Entered Level 5 of the Vaults
 56364 | Vaults:5 | Noticed a golden dragon
 56374 | Vaults:5 | Reached XP level 22. HP: 220/220 MP: 21/21
 56380 | Vaults:5 | Killed a golden dragon
 56387 | Vaults:5 | Reached skill level 25 in Axes
 56755 | Vaults:5 | Noticed a dread lich
 56778 | Vaults:4 | Killed a dread lich
 57078 | Vaults:5 | Noticed a dread lich
 57100 | Vaults:5 | Killed a dread lich
 57221 | Vaults:5 | Noticed a golden dragon
 57231 | Vaults:4 | HP: 7/333 [golden dragon/bolt of cold (26)]
 57233 | Vaults:4 | Killed a golden dragon
 57236 | Vaults:4 | HP: 4/222 [poisoned by a golden dragon (blast of poison)]
 57690 | Vaults:5 | Reached skill level 10 in Throwing
 57844 | Vaults:5 | Received a gift from Trog
 58114 | Vaults:5 | Found the +3 pair of gauntlets of War {Slay+5}
 58158 | Vaults:5 | Identified the +6 hand axe "Goblinbane" {pain, rCorr Str+3}
 58158 | Vaults:5 | Identified the ring "Xiasm" {*Corrode rElec rC+ rN+++
                  | Int-2}
 58173 | Vaults:5 | Noticed a golden dragon
 58182 | Vaults:5 | Killed a golden dragon
 58346 | Vaults:5 | Identified the ring of Okawaru's Scorn {rElec rF++ Will+
                  | Int-2}
 58504 | Vaults:5 | Got a silver rune of Zot
 58773 | Vaults:5 | Identified the +11 spear of the Spheres {venom, rF+ rC+
                  | Dex+5}
 59094 | Vaults:5 | Identified the ring "Plog" {*Corrode rPois rC+ Str+6 SInv}
 59190 | Vaults:5 | Identified the +1 whip of the Rattlesnake {spect, rElec
                  | Str+2}
 59731 | Slime:1  | Entered Level 1 of the Pits of Slime
 59745 | Slime:1  | Lost mutation: You are somewhat resistant to further
                  | mutation. [a shining eye]
 59747 | Slime:1  | Gained mutation: You do not regenerate when monsters are
                  | visible. [a shining eye]
 59751 | Slime:1  | Gained mutation: Your spells are a little easier to cast,
                  | but a little less powerful. [a shining eye]
 59756 | Slime:1  | Reached XP level 23. HP: 212/229 MP: 22/22
 59803 | Slime:1  | Gained mutation: You occasionally shout uncontrollably at
                  | your foes. [a shining eye]
 59854 | Slime:1  | You fall into a shaft and drop 1 floor!
 61005 | Slime:3  | Gained mutation: You tend to lose your temper in combat. [a
                  | shining eye]
 61501 | Slime:4  | Received a gift from Trog
 61826 | Slime:5  | Entered Level 5 of the Pits of Slime
 61836 | Slime:5  | Reached skill level 15 in Long Blades
 61957 | Slime:5  | Gained mutation: Armour fits poorly on your strangely
                  | shaped body. [a shining eye]
 62173 | Slime:5  | Noticed the Royal Jelly
 62436 | Slime:5  | Killed the Royal Jelly
 62441 | Slime:5  | Reached skill level 26 in Axes
 62450 | Slime:5  | Mangled by an azure jelly

Illustrated notes

Levels and vault maps discovered:
D:1:      psy_arrival_spokes, layout_basic
D:2:      layout_rooms, dk_vineyard_3, minmay_hexomino_c4
D:3:      layout_loops_cross, grunt_ministairs_14
D:4:      layout_basic, nicolae_ru_the_path_less_chosen, serial_bayou,
          serial_bayou_pond_e, serial_bayou_lagoon_b, serial_bayou_pond_a,
          serial_bayou_shore_a, minmay_shop_enchanted_jewellery, uniq_grinder,
          uniq_duvessa, uniq_ijyb
D:5:      layout_rooms, minmay_temple_entry_crystal_x
D:6:      layout_cave_pools, uniq_maggie
D:7:      layout_loops_ring, uniq_joseph
D:8:      layout_basic, gammafunk_temple_overflow_forgotten,
          erik_lair_orcish_takeover, enter_ossuary_3
D:9:      layout_roguey [special_room_bee], uniq_erolcha
D:10:     nicolae_whirlpool, layout_irregular_city, eino_tiny_chamber,
          nicolae_elevator_lobby_asterisk
D:11:     layout_stronghold, lightli_wizard_tower, uniq_harold
D:12:     layout_cave_pools, david_orc_1_choice
D:13:     layout_gridville, erik_vaults_2
D:14:     layout_loops_ring, serial_glass, glass_columns_c, glass_columns_a,
          glass_columns_b, glass_columns_a, glass_columns_c, glass_columns_b,
          due_unseen_surprise, minmay_misc_feat_diagonals
D:15:     hangedman_depths_entry_civil_slaughter, layout_basic,
          serial_corexii_hall, chequers_hall_statues_y, corexii_hall_statues_x,
          ashenzari_conservatory_becter
Temple:   mainiacjoe_temple_coin_purse
Lair:1:   layout_hall_layers
Lair:2:   layout_hall_layers, lemuel_centaur_altar
Lair:3:   lemuel_reptile_caves, layout_chaotic_city
Lair:4:   layout_loops_ring, minmay_swamp_entry_reptiles,
          spider_nest_entry_funnel_web, ebering_ghost_rock_garden,
          minmay_lindwurm_lava, uniq_rupert
Lair:5:   layout_hall_layers, slime_altar_1, gammafunk_ghost_wrathful_warriors
Lair:6:   cheibrodos_lair_end_hotspot, layout_regular_city
Swamp:1:  layout_basic_swamp, hangedman_swamp_ruin_wall
Swamp:2:  layout_basic_swamp, evilmike_swamp_ruin_house_3, swamp_pool4,
          hangedman_swamp_pad
Swamp:3:  layout_basic_swamp, gammafunk_ghost_hydra_chop, serial_swamp_ruin,
          evilmike_swamp_ruin_house_6, evilmike_swamp_ruin_rubble_2,
          infiniplex_staircase_pool, uniq_donald
Swamp:4:  swamp_alternative, layout_basic_swamp, swamp_pool1,
          nicolae_swamp_bunyip_nook
Spider:1: layout_spider_delve, hangedman_spider_tarantella_strand
Spider:2: layout_spider_delve
Spider:3: layout_spider_delve, uniq_arachne
Spider:4: spider_rune_water, nicolae_spider_some_kinda_spiderbox
Slime:1:  layout_caves
Slime:2:  layout_caves
Slime:3:  layout_caves
Slime:4:  layout_caves
Slime:5
Orc:1:    layout_caves, gammafunk_ghost_smash, basic_altar
Orc:2:    st_orc_mages, layout_caves, uniq_jorgrun
Elf:1:    eino_elf_arrival_the_gate, layout_geoelf_grid, serial_shops, shop,
          minivault_28, st_stairs_3, hangedman_elven_ridges, evilmike_minifort,
          uniq_roxanne
Elf:2:    nicolae_elf_blades_splatter_lattice
          [nicolae_blade_entry_hurt_lockers], layout_geoelf_octagon,
          guppyfry_library_mini, uniq_agnes
Elf:3:    elf_hall, layout_loops_ring
Vaults:1: portal_desolation_entry_nicolae_nacl, vaults_room_door_hall,
          v_misc_12, vaults_room_large_hall, dpeg_vaults_monster_row,
          hangedman_vaults_stream, nicolae_vaults_circle_grid_b,
          ontoclasm_vaults_pinch, ontoclasm_vaults_ligature, v_misc_9,
          nicolae_vaults_ring_of_whatevers, nicolae_vaults_angled_halls,
          hangedman_vaults_stretched_pinwheel, nicolae_vaults_alarming,
          v_misc_16, layout_vaults_ring, uniq_aizul, uniq_asterion, uniq_nikola
Vaults:2: ontoclasm_vaults_bender, vaults_mumra_hex,
          nicolae_vaults_display_case, hangedman_vaults_locks,
          minmay_crypt_entry_nasty_monster, nicolae_vaults_back_hallway,
          ontoclasm_vaults_twist, vaults_room_hallway, hangedman_vaults_corner,
          vaults_room_door_ring, vaults_room_door_ring, hangedman_vaults_hat,
          v_misc_13, vaults_room_stairs_pillars, layout_vaults_maze_bifur,
          serial_shops, nicolae_shop_stone
Vaults:3: nicolae_vaults_asterisk, nicolae_vaults_sealed_display,
          nicolae_vaults_network_periphery, not_door_vault_mu,
          hangedman_vaults_pinch, gammafunk_sealed_arena, v_misc_16, v_misc_29,
          vaults_room_semicircle, dpeg_vaults_monster_box,
          nicolae_vaults_diagonal_hallway_6, layout_vaults_omnicross
Vaults:4: nicolae_vaults_ninety_degrees, hangedman_vaults_slice,
          nicolae_vaults_shelves_hall, hangedman_vaults_stretched_pinwheel,
          v_misc_14, v_misc_33, ontoclasm_vaults_ring_square,
          nicolae_vaults_yaktaur_gun_rack, v_pattern_5,
          nicolae_vaults_rhombus_6, nicolae_vaults_mini_display_case,
          layout_vaults_quadrants, serial_shops, nicolae_diamond_shop
Vaults:5

Skill      XL: |  1  2  3  4  5  6  7  8  9 10 11 12 13 14 15 16 17 18 19 20 21 22 23 |
---------------+----------------------------------------------------------------------+-----
Axes           | 4 5 6 7 8 10 11 13 14 16 17 18 20 21 22 23 24 25 26 | 26.0
Fighting       | 4 5 6 8 9 11 13 14 16 17 18 19 20 21 22 23 24 | 24.7
Armour         | 3 4 5 7 9 10 12 13 14 15 16 17 18 19 20 | 20.5
Stealth        | 1 2 3 4 5 |  5.6
Dodging        | 3 4 5 6 |  6.6
Shields        | 1 2 4 5 7 9 11 12 14 15 17 18 19 20 21 22 | 22.5
Throwing       | 1 2 3 5 7 9 10 11 | 11.6
Evocations     | 1 2 3 |  3.0
Long Blades    | 3 6 9 11 12 14 15 | 15.2

Action                   |  1- 3 |  4- 6 |  7- 9 | 10-12 | 13-15 | 16-18 | 19-21 | 22-24 || total
-------------------------+-------+-------+-------+-------+-------+-------+-------+-------++-------
Melee: Hand axe          |    65 |    79 |       |       |       |       |       |       ||   144
       Headbutt          |     6 |    15 |    49 |   137 |   305 |   366 |   430 |   251 ||  1559
       Kick              |       |    18 |    66 |    23 |       |       |       |       ||   107
       War axe           |       |    16 |   177 |   518 |   378 |       |       |       ||  1089
       Broad axe         |       |       |       |       |   380 |  1035 |  1209 |   570 ||  3194
       Executioner's axe |       |       |       |       |   140 |    82 |       |       ||   222
       Scimitar          |       |       |       |       |       |    28 |       |    46 ||    74
       Double sword      |       |       |       |       |       |    17 |       |       ||    17
Throw: Javelin           |       |       |       |     2 |       |       |     6 |       ||     8
       Boomerang         |       |       |       |     5 |    12 |    29 |     3 |    38 ||    87
Invok: Berserk           |     2 |     3 |     5 |    11 |    15 |    14 |    11 |     7 ||    68
       Trog's Hand       |       |       |     5 |    15 |    13 |    29 |    21 |    18 ||   101
       Brothers in Arms  |       |       |       |     1 |       |     4 |       |    11 ||    16
Evoke: Wand              |       |       |       |     7 |     6 |    32 |    13 |     5 ||    63
       Lightning rod     |       |       |       |       |     1 |     5 |     5 |     4 ||    15
  Use: Scroll            |       |     2 |     7 |    13 |     4 |     7 |     8 |     2 ||    43
       Potion            |       |     2 |     6 |     6 |     4 |    10 |    12 |     2 ||    42
 Stab: Sleeping          |     1 |       |       |       |       |       |       |       ||     1
       Confused          |       |       |       |       |     4 |       |       |       ||     4
       Invisible         |       |       |       |       |       |    23 |       |       ||    23
       Held in net/web   |       |       |       |       |       |     2 |       |       ||     2
       Distracted        |       |       |       |       |       |     1 |     1 |     2 ||     4
Armor: Animal skin       |    11 |       |       |       |       |       |       |       ||    11
       Ring mail         |     2 |    21 |     4 |       |       |       |       |       ||    27
       Scale mail        |       |       |    12 |       |       |       |       |       ||    12
       Plate armour      |       |       |    35 |   223 |   481 |   729 |    44 |       ||  1512
       Crystal plate arm |       |       |       |       |       |       |   257 |   197 ||   454
Dodge: Dodged            |    30 |    39 |    88 |   179 |   305 |   468 |   207 |   139 ||  1455
Block: Buckler           |       |       |    29 |   222 |   355 |       |       |       ||   606
       Reflection        |       |       |       |    21 |    17 |    40 |   102 |    45 ||   225
       Other             |       |       |       |       |    24 |    49 |       |       ||    73
       Kite shield       |       |       |       |       |       |   845 |   104 |       ||   949
       Tower shield      |       |       |       |       |       |       |  1085 |   674 ||  1759
       Rpst.: War axe    |       |       |       |     1 |    23 |       |       |       ||    24
       Broad axe         |       |       |       |       |    17 |    41 |    44 |    22 ||   124
       Executioner's axe |       |       |       |       |    13 |     6 |       |       ||    19
       Scimitar          |       |       |       |       |       |     5 |       |     1 ||     6
       Double sword      |       |       |       |       |       |     2 |       |       ||     2

Table legend: (Time is in decaauts)
 A = Elapsed time spent in this place.
 B = Non-inter-level travel time spent in this place.
 C = Inter-level travel time spent in this place.
 D = Time resting spent in this place.
 E = Time spent auto-exploring this place.
 F = Levels seen in this place.
 G = Mean time per level.
                   A        B        C        D        E       F      G
               +--------+--------+--------+--------+--------+-----+--------+
         Total |  62564 |  56545 |   6019 |      0 |  45944 |  47 | 1331.1 |
       Dungeon |  18326 |  16002 |   2324 |      0 |  13736 |  15 | 1221.7 |
        Temple |    111 |     97 |     14 |      0 |     84 |   1 |  111.0 |
          Lair |  10006 |   8492 |   1514 |      0 |   7173 |   6 | 1667.7 |
         Swamp |   7016 |   6663 |    353 |      0 |   5585 |   4 | 1754.0 |
   Spider Nest |   5503 |   5235 |    268 |      0 |   4297 |   4 | 1375.8 |
    Slime Pits |   2662 |   2504 |    158 |      0 |   1881 |   5 |  532.4 |
  Orcish Mines |   1818 |   1507 |    311 |      0 |   1137 |   2 |  909.0 |
   Elven Halls |   5999 |   5817 |    182 |      0 |   4727 |   3 | 1999.7 |
        Vaults |   9652 |   8762 |    890 |      0 |   6396 |   5 | 1930.4 |
       Ossuary |    226 |    226 |      0 |      0 |     27 |   1 |  226.0 |
    Desolation |   1241 |   1241 |      0 |      0 |    899 |   1 | 1241.0 |
               +--------+--------+--------+--------+--------+-----+--------+

Top non-repeatable levels by time:
   Elf:2: 3090 daAuts
 Swamp:3: 2755 daAuts
Vaults:4: 2705 daAuts
  Lair:4: 2567 daAuts
Vaults:3: 2036 daAuts
     D:4: 1952 daAuts
Vaults:1: 1912 daAuts
    D:11: 1902 daAuts
Spider:3: 1897 daAuts
  Lair:1: 1844 daAuts
Vaults:5: 1776 daAuts
  Lair:6: 1708 daAuts
   Elf:3: 1574 daAuts
 Swamp:1: 1520 daAuts
  Lair:3: 1485 daAuts
